 Dungeon Sprint DCSS version 0.17-a0-1133-gfb1399f (webtiles) character file.

9 esc the Insei (level 2, -2/18 HPs)
             Began as an Octopode Transmuter on May 25, 2015.
             Was a Follower of Makhleb.
             Slain by an orc (3 damage)
             ... in the Dungeon (Sprint VII: "The Pits").
             The game lasted 00:00:53 (90 turns).

esc the Insei (Octopode Transmuter)                   Turns: 90, Time: 00:00:53

Health: -2/18      AC:  1    Str:  9    XL:     2   Next: 12%
Magic:  5/5        EV: 12    Int: 15    God:    Makhleb [*.....]
Gold:   0          SH:  0    Dex: 12    Spells: 1 memorised, 4 levels left

rFire  . . .     SeeInvis .       - Unarmed
rCold  . . .     Clarity  .     (no shield)
rNeg   . . .     SustAt   .     (helmet restricted)
rPois  .         Gourm    .     (no amulet)
rElec  .         Spirit   .     (no ring)
rCorr  .         Warding  .     (no ring)
rMut   .         NoTele   +     (no ring)
MR     .....                    (no ring)
Stlth  ++........               (no ring)
                                (no ring)
                                (no ring)
                                (no ring)

@: very slightly contaminated, hasted, very quick, not resistant to hostile
enchantments, unstealthy
A: almost no armour, amphibious, 8 rings, constrict 8, camouflage 1, gelatinous
body 1
a: Renounce Religion


You were in the Dungeon.
You worshipped Makhleb.
Makhleb was aware of your devotion.
You were not hungry.

You visited 1 branch

Inventory:

Missiles
 a - 12 arrows
Magical staves
 p - an uncursed staff of energy {@w1+MP, hungerless spells, !d!a}
   (You found it in the Dungeon)
Scrolls
 i - a scroll of blinking {!r}
 m - 3 scrolls of remove curse
 n - 5 scrolls of amnesia
 o - a scroll of summoning
Potions
 d - a potion of curing
 g - 4 potions of magic
 h - 3 potions of berserk rage {!q}
 l - 2 potions of invisibility
Books
 b - a book of Changes
Comestibles
 c - 8 bread rations {@e1}
 f - a chunk of flesh {@w0}
 j - 40 fruits
 k - 7 meat rations {@e2}


   Skills:
 - Level 1.0 Fighting
 - Level 2.0 Dodging
 + Level 4.1 Unarmed Combat
 - Level 2.0 Spellcasting
 + Level 3.5 Transmutations


You had 4 spell levels left.
You knew the following spells:

 Your Spells              Type           Power        Failure   Level  Hunger
a - Beastly Appendage     Trmt           ##....       6%          1    #......


Dungeon Overview and Level Annotations

Branches:
Dungeon (1/1)

Altars:
Ashenzari
Cheibriados
Dithmenos
Elyvilon
Fedhas
Gozag
Kikubaaqudgha
Makhleb
Nemelex Xobeh
Okawaru
Qazlal
Ru
Sif Muna
Trog
Vehumet
Xom
Yredelemnul
Zin
The Shining One
Beogh
Jiyva
Lugonu


Innate Abilities, Weirdness & Mutations

You cannot wear most types of armour.
You are amphibious.
You can wear up to eight rings at the same time.
You can use your tentacles to constrict eight enemies at once.
Your skin changes colour to match your surroundings (Stealth).
Your rubbery body absorbs attacks (AC +1).


Message History

You open the door.
An ufetubus comes into view.
The ufetubus shouts!
You closely miss the ufetubus. Your grab misses the ufetubus.
Your squeeze misses the ufetubus. The ufetubus completely misses you.
The ufetubus closely misses you.
You closely miss the ufetubus. Your grab misses the ufetubus.
The ufetubus hits you. The ufetubus misses you.
The ufetubus completely misses you. The ufetubus barely misses you.
You take 1 damage, and have 12/13 hp.
You barely miss the ufetubus. Your grab misses the ufetubus.
The ufetubus closely misses you. The ufetubus barely misses you.
You barely miss the ufetubus. Your grab misses the ufetubus.
You pierce the ufetubus, but do no damage.
The ufetubus barely misses you. The ufetubus hits you.
You take 3 damage, and have 9/13 hp.
MASSIVE DAMAGE!!
You barely miss the ufetubus. Your grab misses the ufetubus.
Your squeeze misses the ufetubus. The ufetubus closely misses you.
The ufetubus hits you.
You take 3 damage, and have 6/13 hp.
MASSIVE DAMAGE!!
You tentacle-slap the ufetubus. You grab the ufetubus.
You pierce the ufetubus, but do no damage.
You constrict the ufetubus, but do no damage.
The ufetubus barely misses you. The ufetubus hits you.
* * * LOW HITPOINT WARNING * * *
The ufetubus closely misses you. The ufetubus hits you.
* * * LOW HITPOINT WARNING * * *
You take 5 damage, and have 1/13 hp.
MASSIVE DAMAGE!!
Drink which item? (? for menu, Esc to quit)
You feel much better.
Your transformation is almost over.
You constrict the ufetubus. The ufetubus hits you.
The ufetubus closely misses you.
You regained 10 hp, and now have 11/13 hp.
Drink which item? (? for menu, Esc to quit)
You feel yourself speed up.
You constrict the ufetubus. The ufetubus barely misses you.
The ufetubus hits you. The ufetubus barely misses you. x2
You are very lightly contaminated with residual magic.
You take 1 damage, and have 10/13 hp.
You tentacle-slap the ufetubus.
You kill the ufetubus!
Makhleb accepts your kill.
Your Transmutations skill increases to level 3!
There is an open door here.
You open the door.
A giant cockroach comes into view.
A giant cockroach comes into view.
There is an open door here.
MP restored: 3 You barely miss the giant cockroach.
You grab the giant cockroach.
You pierce the giant cockroach, but do no damage.
You constrict the giant cockroach, but do no damage.
The giant cockroach bites you but does no damage.
You tentacle-slap the giant cockroach.
You kill the giant cockroach!
Makhleb accepts your kill.
You can now gain health from killing.
Your Unarmed Combat skill increases to level 4!
You have reached level 2!
The giant cockroach barely misses you.
You regained 3 hp, and now have 13/18 hp.
MP restored: 5 You tentacle-slap the giant cockroach.
Your grab misses the giant cockroach. The giant cockroach bites you.
You take 2 damage, and have 11/18 hp.
You closely miss the giant cockroach. You grab the giant cockroach.
You constrict the giant cockroach, but do no damage.
You tentacle-slap the giant cockroach but do no damage.
You pierce the giant cockroach, but do no damage.
You tentacle-slap the giant cockroach.
You kill the giant cockroach!
Makhleb accepts your kill.
You feel a little better.
No target in view!
Your tentacle spike disappears.
You see here a giant cockroach corpse.
You butcher the giant cockroach corpse.
f - a chunk of flesh {@w0} You open the door.
An orc comes into view.
A bat, a river rat and an iron imp come into view.
There is an open door here.
The orc barely misses you. The river rat misses you.
You tentacle-slap the river rat but do no damage.
Your grab misses the river rat. The river rat bites you. The orc misses you.
You take 5 damage, and have 7/18 hp.
MASSIVE DAMAGE!!
You tentacle-slap the river rat. You grab the river rat.
You constrict the river rat, but do no damage.
You barely miss the river rat.
You squeeze the river rat, but do no damage.
You constrict the river rat, but do no damage.
The river rat bites you.
* * * LOW HITPOINT WARNING * * *
The orc hits you.
You die...

#_#)))'.'..##...........
#_#)))#.#?(##......#..#
#######'#####..........
#..........)'...........
#+#####'#####......#..#.
#..#..##...........
+..'..#####'#####+
##+####'###.......#
#...br@..##.......#
#...5o...##.......#
#####+#####...<...#
#.......# #.......#
#.......# #########


You could see an iron imp, a river rat, an orc and a bat.

Vanquished Creatures
  An ufetubus (D)
  2 giant cockroaches (D)
  A goblin (D)
4 creatures vanquished.

Notes
Turn   | Place    | Note
--------------------------------------------------------------
     0 | D        | esc the Octopode Transmuter began the quest for the Orb.
     0 | D        | Reached XP level 1. HP: 13/13 MP: 3/3
    36 | D        | Found a sacrificial altar of Ru.
    36 | D        | Found a basalt altar of Yredelemnul.
    36 | D        | Found a shadowy altar of Dithmenos.
    36 | D        | Found a deep blue altar of Sif Muna.
    36 | D        | Found a burning altar of Makhleb.
    36 | D        | Found a shimmering altar of Xom.
    36 | D        | Found an ancient bone altar of Kikubaaqudgha.
    36 | D        | Found a sparkling altar of Nemelex Xobeh.
    37 | D        | Found a glowing golden altar of the Shining One.
    37 | D        | Found a bloodstained altar of Trog.
    37 | D        | Found a shattered altar of Ashenzari.
    37 | D        | Found a white marble altar of Elyvilon.
    37 | D        | Found a snail-covered altar of Cheibriados.
    37 | D        | Found a blossoming altar of Fedhas.
    37 | D        | Found a radiant altar of Vehumet.
    37 | D        | Found a glowing silver altar of Zin.
    37 | D        | Found a corrupted altar of Lugonu.
    37 | D        | Found a viscous altar of Jiyva.
    37 | D        | Found a roughly hewn altar of Beogh.
    37 | D        | Found an iron altar of Okawaru.
    40 | D        | Became a worshipper of Makhleb the Destroyer
    45 | D        | Found a stormy altar of Qazlal.
    50 | D        | Found an opulent altar of Gozag.
    69 | D        | HP: 3/13 [ufetubus (3)]
    69 | D        | HP: 1/13 [ufetubus (2)]
    72 | D        | Reached skill level 3 in Transmutations
    78 | D        | Acquired Makhleb's first power
    78 | D        | Reached skill level 4 in Unarmed Combat
    78 | D        | Reached XP level 2. HP: 13/18 MP: 5/5
    86 | D        | Noticed an iron imp
    90 | D        | HP: 1/18 [river rat (6)]
    90 | D        | Slain by an orc

Vault maps used:
D:        pitsprint

Action                   || total
-------------------------++-------
Melee: Unarmed           ||    17
 Cast: Beastly Appendage ||     2
  Use: Potion            ||     2

Vault maps used:
D:        pitsprint

Table legend:
 A = Turns spent in this place as a percentage of turns spent in the entire game.
 B = Non-inter-level travel turns spent in this place as a percentage of non-inter-level travel turns spent in the entire game.
 C = Inter-level travel turns spent in this place as a percentage of turns spent in this place.
 D = Turns resting spent in this place as a percentage of non-inter-level travel turns spent in this place.
 E = Turns spent auto-exploring this place as a percentage of non-inter-level travel turns spent in this place.
 F = Non-inter-level travel turns spent in this place divided by the number of levels of this place that you've seen.
                   A       B       C       D       E      F
               +-------+-------+-------+-------+-------+----------------------
         Total | 100.0 | 100.0 |   0.0 |   0.0 |   0.0 |  93.0
       Dungeon | 100.0 | 100.0 |   0.0 |   0.0 |   0.0 |  93.0
               +-------+-------+-------+-------+-------+----------------------

Table legend:
 A = Kills in this place as a percentage of kills in entire the game.
 B = Kills by you in this place as a percentage of kills by you in the entire game.
 C = Kills by friends in this place as a percentage of kills by friends in the entire game.
 D = Other kills in this place as a percentage of other kills in the entire game.
 E = Experience gained in this place as a percentage of experience gained in the entire game.
 F = Experience gained in this place divided by the number of levels of this place that you have seen.
                   A       B       C       D       E      F
               +-------+-------+-------+-------+-------+----------------------
         Total | 100.0 | 100.0 |  -nan |  -nan | 100.0 |  13.0
       Dungeon | 100.0 | 100.0 |  -nan |  -nan | 100.0 |  13.0
               +-------+-------+-------+-------+-------+----------------------
